 Dungeon Crawl Stone Soup version 0.26.1-11-gd32895ea62 (webtiles) character file.

Game seed: 5284978006733485164

103 Almogavar the Conjurer (level 5, 0/28 HPs)
             Began as a Kobold Conjurer on May 28, 2021.
             Slain by an ice beast (13 damage)
             ... on level 3 of the Dungeon.
             The game lasted 00:06:39 (2883 turns).

Almogavar the Conjurer (Kobold Conjurer)            Turns: 2883, Time: 00:06:39

Health: 0/28       AC:  2    Str:  5    XL:     5   Next: 6%
Magic:  0/9        EV: 15    Int: 20    God:
Gold:   207        SH:  0    Dex: 13    Spells: 6/9 levels left

rFire    . . .     SeeInvis .   n - +0 short sword
rCold    . . .     Faith    .   (shield restricted)
rNeg     . . .     Spirit   .   a - +0 robe
rPois    .         Reflect  .   (no helmet)
rElec    .         Harm     .   (no cloak)
rCorr    .         Rampage  .   (no gloves)
Will     .....                  (no boots)
Stlth    +++.......             (no amulet)
HPRegen  0.09/turn              (no ring)
MPRegen  0.11/turn              (no ring)

@: no status effects
A: small, nightstalker 3
a: no special abilities


You were on level 3 of the Dungeon.
You visited 1 branch of the dungeon, and saw 3 of its levels.

You collected 207 gold pieces.

Inventory:

Hand Weapons
 n - a +0 short sword (weapon)
Armour
 a - a +0 robe (worn)
Scrolls
 d - a scroll of immolation {unknown}
 g - a scroll of magic mapping
 i - a scroll of identify {unknown}
 k - a scroll of amnesia
 l - 2 scrolls of fog {unknown}
 m - a scroll of teleportation {unknown}
 o - a scroll of enchant weapon {unknown}
 p - a scroll of remove curse
Potions
 b - 2 potions of flight {unknown}
 c - 2 potions of might {unknown}
 e - a potion of degeneration {unknown}
 f - 2 potions of attraction {unknown}
 h - a potion of haste {unknown}
 j - a potion of berserk rage {unknown}
 q - a potion of curing {unknown}
 r - a potion of brilliance {unknown}
 s - a potion of heal wounds {unknown}
 t - 2 potions of ambrosia {unknown}


   Skills:
 + Level 0.3 Short Blades
 + Level 2.7 Dodging
 + Level 3.7 Stealth
 + Level 2.8 Spellcasting
 + Level 5.2 Conjurations


You had 6 spell levels left.
You knew the following spells:

 Your Spells              Type           Power        Failure   Level
a - Magic Dart            Conj           92%          1%          1
b - Searing Ray           Conj           46%          2%          2

Your spell library contained the following spells:

 Spells                   Type           Power        Failure   Level
 Dazzling Flash           Conj/Hex       26%          16%         3
 Fulminant Prism          Conj/Hex       6%           45%         4
 Iskenderun's Mystic Bla  Conj/Tloc      13%          45%         4


Dungeon Overview and Level Annotations

Branches:
Dungeon (3/15)

Altars:
Dithmenos


Innate Abilities, Weirdness & Mutations

You are small and have problems with some larger weapons.
You are completely attuned to the shadows.


Message History

The ice beast is moderately wounded.
You finish channeling your searing ray.
The ice beast barely misses you.
Casting: Searing Ray (safe; 2% risk of failure)
Confirm with . or Enter, or press ? or * to list all spells.
Aiming: Searing Ray (safe; 2% risk of failure)
Press: ? - help, Shift-Dir - straight line, f/p - ice beast
Aim: an ice beast (moderately wounded, 22% to evade)
The searing ray misses the ice beast. (Press . to maintain the ray.)
The ice beast hits you. The ice beast freezes you!
Unknown command.
The searing ray hits the ice beast.
The ice beast is heavily wounded.
The ice beast completely misses you.
The searing ray hits the ice beast!
The ice beast is almost dead.
The ice beast misses you.
Without enough magic to sustain it, your searing ray dissipates.
The ice beast hits you. The ice beast freezes you!
You die...

#..###
###..#
#..###
###..#
#..###
###..#
#..###
###..#
#.@##
###Y.#
....
#..#
.#.


You could see an ice beast.

Vanquished Creatures
  4 adders (D:2)
  An ooze (D:2)
  3 worms (D:2)
  A dart slug (D:3)
  2 leopard geckos
  A ball python (D:3)
  6 bats
  A giant cockroach (D:2)
  5 goblins
  7 hobgoblins
  3 jackals (D:2)
  6 frilled lizards
  A giant cockroach zombie (D:1)
  4 kobolds
  A quokka zombie (D:1)
  6 rats
52 creatures vanquished.

Notes
Turn   | Place    | Note
-------+----------+-------------------------------------------
     0 | D:1      | Almogavar the Kobold Conjurer began the quest for the Orb.
     0 | D:1      | Reached XP level 1. HP: 10/10 MP: 3/3
   333 | D:1      | Reached XP level 2. HP: 15/15 MP: 3/5
   391 | D:1      | Learned a level 2 spell: Searing Ray
  1119 | D:1      | Reached XP level 3. HP: 19/19 MP: 4/6
  1840 | D:2      | Reached XP level 4. HP: 24/24 MP: 1/7
  1907 | D:2      | Reached skill level 5 in Conjurations
  2654 | D:2      | Reached XP level 5. HP: 28/28 MP: 5/9
  2765 | D:3      | Found a shadowy altar of Dithmenos.
  2875 | D:3      | Noticed an ice beast
  2883 | D:3      | Slain by an ice beast

Illustrated notes

Levels and vault maps discovered:
D:1:      saegor_arrival_fortress, layout_basic, minmay_tree_intersection
D:2:      layout_loops_ring, kennysheep_generic_room_12
D:3:      minmay_razor_zed, layout_basic, nicolae_dithmenos_shadow_blocks

Skill      XL: |  1  2  3  4 |
---------------+-------------+-----
Stealth        | 3 |  3.7
Conjurations   | 5 |  5.2
Short Blades   | |  0.3
Dodging        | |  2.7
Spellcasting   | |  2.8

Action                   |  1- 3 |  4- 6 || total
-------------------------+-------+-------++-------
Melee: Short sword       |     4 |    13 ||    17
 Cast: Magic Dart        |    30 |     2 ||    32
       Searing Ray       |     7 |    19 ||    26
  Use: Scroll            |       |     3 ||     3
 Stab: Sleeping          |     2 |     1 ||     3
Armor: Robe              |       |     2 ||     2
Dodge: Dodged            |     2 |    14 ||    16
